 Dungeon Crawl Stone Soup version 0.25-a0-731-g0472a16d6a (webtiles) character file.

Game seed: 4688928670422154672, levelgen mode: deterministic

5262 Hastur the Nimble (level 10, 0/83 HPs)
             Began as a Human Gladiator on Apr 8, 2020.
             Was a Believer of Qazlal.
             Slain by Erica
             ... wielding a +4 scimitar of flaming
              (2 damage)
             ... on level 9 of the Dungeon.
             The game lasted 00:26:11 (12821 turns).

Hastur the Nimble (Human Gladiator)                Turns: 12821, Time: 00:26:12

Health: 0/83       AC:  8    Str: 17    XL:     10   Next: 93%
Magic:  14/14      EV: 15    Int:  9    God:    Qazlal [**....]
Gold:   537        SH:  3    Dex: 15    Spells: 9/9 levels left

rFire    . . .     SeeInvis .   a - +0 long sword
rCold    . . .     Gourm    .   (no shield)
rNeg     . . .     Faith    .   n - +0 scale mail
rPois    .         Spirit   .   c - +1 helmet
rElec    .         Reflect  .   (no cloak)
rCorr    .         Harm     .   (no gloves)
MR       .....                  (no boots)
Stlth    ..........             q - amulet of rage
HPRegen  0.23/turn              (no ring)
MPRegen  0.14/turn              (no ring)

@: lethally poisoned (0 -> -1), slowed, drained, very slow
A: no striking features
a: Upheaval, Renounce Religion, Evoke Berserk Rage


You were on level 9 of the Dungeon.
You worshipped Qazlal.
Qazlal was pleased with you.
You were not hungry.

You visited 2 branches of the dungeon, and saw 10 of its levels.

You collected 537 gold pieces.

Inventory:

Hand Weapons
 a - a +0 long sword (weapon)
 b - a +0 hunting sling
 O - a cursed +0 battleaxe
Missiles
 d - 3 throwing nets {!*}
 h - 63 poisoned darts (quivered)
 j - 98 sling bullets
 o - 4 silver javelins
 D - 8 atropa-tipped darts
 N - 4 javelins
Armour
 c - a +1 helmet (worn)
 i - a +0 leather armour
 m - a +0 plate armour
 n - a +0 scale mail (worn)
 B - +0 ice dragon scales
 Q - the +5 kite shield "Fuboz" {*Contam rF++ Regen+, unknown}
   (You found it on level 9 of the Dungeon)

   It greatly protects you from fire.
   It causes magical contamination when unequipped.
   It increases your rate of regeneration.
Jewellery
 e - an uncursed ring of see invisible {unknown}
 q - an amulet of rage (around neck)
 t - a +1 ring of evasion {unknown}
 I - a cursed ring of attention {unknown}
 S - a +2 ring of dexterity {unknown}
Wands
 r - a wand of random effects (12)
 C - a wand of iceblast (17)
 F - a wand of flame (9)
 H - a wand of paralysis (5)
Scrolls
 g - a scroll of remove curse {unknown}
 k - 5 scrolls of teleportation
 l - a scroll of magic mapping {unknown}
 s - a scroll of random uselessness {unknown}
 v - a scroll of fog {unknown}
 w - 3 scrolls of amnesia
 x - 2 scrolls of enchant weapon {unknown}
 y - a scroll of enchant armour
 E - 2 scrolls of immolation {unknown}
 J - a scroll of brand weapon {unknown}
 K - a scroll of fear {unknown}
 M - a scroll of noise {unknown}
Potions
 p - 2 potions of stabbing
 u - a potion of lignification
 z - a potion of brilliance
 A - a potion of might {unknown}
 L - a potion of haste {unknown}
 P - a potion of magic {unknown}
Comestibles
 f - 17 rations
 R - 3 chunks of flesh


   Skills:
 + Level 9.6(8.9) Fighting
 - Level 3.0(2.4) Long Blades
 - Level 2.0(1.4) Throwing
 + Level 9.9(9.2) Dodging
 + Level 6.3(5.7) Invocations
 - Level 5.1(4.4) Evocations


You had 9 spell levels left.
You didn't know any spells.
Your spell library contained the following spells:

 Spells                   Type           Power        Failure   Level  Hunger
 Magic Dart               Conj           #...         83%         1    ##.....
 Shock                    Conj/Air       #...         83%         1    ##.....
 Searing Ray              Conj           #.....       92%         2    ###....
 Swiftness                Chrm/Air       #.......     92%         2    ###....
 Dazzling Flash           Conj/Hex       #.....       99%         3    ####...
 Static Discharge         Conj/Air       #.......     99%         3    ####...
 Airstrike                Air            #.........   100%        4    #####..
 Cause Fear               Hex            #.........   100%        4    #####..
 Fulminant Prism          Conj/Hex       #.........   100%        4    #####..
 Iskenderun's Mystic Bla  Conj/Tloc      #.......     100%        4    #####..
 Lightning Bolt           Conj/Air       #.........   100%        5    ######.
 Silence                  Hex/Air        #.........   100%        5    ######.
 Yara's Violent Unravell  Hex/Tmut       #.........   100%        5    ######.
 Deflect Missiles         Chrm/Air       #.........   100%        6    #######
 Discord                  Hex            #.........   100%        8    #######


Dungeon Overview and Level Annotations

Branches:
Dungeon (9/15)             Temple (1/1) D:6            Lair (0/6) D:8
    Orc (0/2) D:9

Altars:
Ashenzari
Cheibriados
Dithmenos
Elyvilon
Fedhas
Gozag
Hepliaklqana
Kikubaaqudgha
Makhleb
Nemelex Xobeh
Okawaru
Qazlal
Ru
Sif Muna
Trog
Uskayaw
Vehumet
Wu Jian
Xom
Yredelemnul
Zin
The Shining One

Shops:
D:9 !

Annotations:
D:9 Erica


Message History

Evoke which item? (* to show all) (? for menu, Esc to quit)
Aiming: Paralyse
Press: ? - help, Shift-Dir - straight line, f/p - Erica
Aim: Erica, wielding a +4 scimitar of flaming and wearing a +0 robe (lightly wounded, chance to defeat MR: 25%) Erica resists with almost no effort.
Erica hits you with a +4 scimitar of flaming!
* * * LOW HITPOINT WARNING * * *
Erica burns you.
* * * LOW HITPOINT WARNING * * *
You block Erica's attack.
Unknown command.
Evoke which item? (* to show all) (? for menu, Esc to quit)
Aiming: Paralyse
Press: ? - help, Shift-Dir - straight line, f/p - Erica
Aim: Erica, wielding a +4 scimitar of flaming and wearing a +0 robe (lightly wounded, chance to defeat MR: 25%) Erica resists with almost no effort.
You feel sick.
Erica hits you with a +4 scimitar of flaming.
* * * LOW HITPOINT WARNING * * *
Erica burns you.
You die...

##.###### #..#.............##.'
...#...## #.##....####.##.#####
##.#.#.# #.##.#....<#.##.##...
#.....######.....[.####.#..##...
###.......#######.#[....#.###...
#......##.# #.รท.......# ####
#......##.# ####.#######
#......##.######....####
#.............@@.......#
################...#...#
#...#...# #...#...# #...#####
#...# #####


You could see Erica.

Vanquished Creatures
  A troll (D:8)
  A yak (D:8)
  Edmund (D:5)
  Menkaure (D:5)
  A porcupine (D:7)
  2 orc warriors
  A sky beast (D:7)
  3 necrophages (D:7)
  2 black bears
  4 ogres
  2 ice beasts
  2 centaurs (D:6)
  A crocodile (D:8)
  8 bullfrogs
  A wyvern zombie (D:6)
  2 scorpions
  3 killer bees (D:9)
  3 vampire bats (D:2)
  6 howler monkeys
  9 wights
  6 crimson imps
  A bullfrog zombie (D:7)
  5 orc priests
  A centaur skeleton (D:9)
  4 hounds
  7 jellies
  A bullfrog skeleton (D:7)
  2 iguanas (D:6)
  5 orc wizards
  Terence (D:2)
  9 worker ants
  A hound zombie (D:7)
  A hound skeleton (D:4)
  Robin (D:2)
  A howler monkey zombie (D:7)
  9 adders
  4 gnolls
  4 shadow imps
  7 oozes
  2 adder skeletons
  2 worms
  2 dart slugs (D:2)
  4 leopard geckos
  11 orcs
  A ball python (D:2)
  3 bat skeletons (D:2)
  2 bat zombies (D:2)
  3 giant cockroaches
  21 goblins
  6 hobgoblins
  11 jackals
  11 kobolds
  2 quokkas
  6 bats
  7 frilled lizards
  A jackal zombie (D:7)
  A leopard gecko skeleton (D:7)
  A quokka skeleton (D:7)
  10 rats
231 creatures vanquished.

Vanquished Creatures (others)
  An orc warrior (D:6)
  A sky beast (D:9)
  An ogre (D:6)
  4 orc wizards
  A hound (D:6)
  An orc priest (D:6)
  An iguana (D:6)
  4 orcs
  A bush (D:7)
  5 fungi
  6 plants (D:7)
  3 toadstools (D:2)
29 creatures vanquished.

Grand Total: 260 creatures vanquished

Notes
Turn   | Place    | Note
-------+----------+-------------------------------------------
     0 | D:1      | Hastur the Human Gladiator began the quest for the Orb.
     0 | D:1      | Reached XP level 1. HP: 16/16 MP: 1/1
   358 | D:1      | Reached XP level 2. HP: 17/22 MP: 2/2
   640 | D:1      | Reached XP level 3. HP: 13/28 MP: 3/3
  1773 | D:2      | Noticed Terence
  1785 | D:2      | Killed Terence
  1785 | D:2      | Reached XP level 4. HP: 35/35 MP: 4/4
  1821 | D:2      | Found an ancient bone altar of Kikubaaqudgha.
  1841 | D:2      | Reached XP level 5. HP: 38/42 MP: 5/5
  1846 | D:2      | Reached XP level 6. HP: 39/48 MP: 6/6
  1982 | D:2      | Reached skill level 5 in Dodging
  2156 | D:2      | Noticed an ogre
  2171 | D:2      | Killed an ogre
  2249 | D:2      | Noticed Robin
  2407 | D:2      | Killed Robin
  2494 | D:2      | Reached skill level 5 in Fighting
  2855 | D:3      | Reached XP level 7. HP: 56/56 MP: 7/7
  3799 | D:4      | Reached skill level 1 in Evocations
  4212 | D:4      | Found a basalt altar of Yredelemnul.
  4218 | D:4      | Found a shadowy altar of Dithmenos.
  4219 | D:4      | Found a shimmering blue altar of Sif Muna.
  4223 | D:4      | Found an opulent altar of Gozag.
  4224 | D:4      | Found a hazy altar of Hepliaklqana.
  4252 | D:5      | Entered Level 5 of the Dungeon
  4354 | D:5      | Reached XP level 8. HP: 55/64 MP: 9/9
  4444 | D:5      | Noticed Edmund
  4525 | D:5      | Noticed Menkaure
  4535 | D:5      | Killed Menkaure
  4833 | D:5      | Killed Edmund
  5583 | D:6      | Reached XP level 9. HP: 53/71 MP: 12/12
  6632 | D:6      | Found a staircase to the Ecumenical Temple.
  6659 | Temple   | Entered the Ecumenical Temple
  6681 | Temple   | Became a worshipper of Qazlal Stormbringer
  6736 | D:6      | Reached skill level 5 in Evocations
  6879 | D:6      | Reached skill level 1 in Invocations
  6892 | D:6      | Found a shimmering altar of Xom.
  8083 | D:7      | Found a blossoming altar of Fedhas.
  8213 | D:7      | Reached * piety under Qazlal
  8581 | D:7      | Reached XP level 10. HP: 53/79 MP: 13/13
  8701 | D:8      | Found a glowing silver altar of Zin.
  9323 | D:8      | Found a white marble altar of Elyvilon.
  9912 | D:8      | Reached skill level 5 in Invocations
  9934 | D:8      | Found a glowing golden altar of the Shining One.
 11013 | D:8      | Found a staircase to the Lair.
 12004 | D:9      | Got a crude kite shield
 12006 | D:9      | Reached ** piety under Qazlal
 12142 | D:9      | Found Heduol's Distillery.
 12300 | D:9      | Found a burning altar of Makhleb.
 12555 | D:9      | Found a staircase to the Orcish Mines.
 12785 | D:9      | Noticed Erica
 12821 | D:9      | HP: 2/83 [Erica/+4 scimitar of flaming (6)]
 12821 | D:9      | Slain by Erica

Levels and vault maps discovered:
D:1:      minmay_arrival_diagonal_passages, layout_loops_corners
D:2:      cheibrodos_helix_gallery, layout_rooms, kennysheep_vampire_church,
          first_ration, corner_web_ring, minmay_gold_behind_fungi, uniq_terence,
          uniq_robin
D:3:      layout_rooms
D:4:      layout_gridville, minitemple
D:5:      layout_loops_corners, uniq_menkaure, uniq_edmund
D:6:      layout_gridville, minmay_temple_entry_butterflies, xom_confusion_cloud
D:7:      layout_loops_ring, fedhas_altar_decomposition
D:8:      layout_cave_pods, good_gods_mini_temple,
          grunt_lair_entry_orc_guard_hut, hangedman_little_slice_of_home,
          corexii_leaking_fountain
D:9:      lemuel_ice_spiral_2, layout_basic, nicolae_overflow_crystal_walls,
          orc_0_dummy, serial_shops, shop, lemuel_flamethrower_2, uniq_erica
Temple:   minmay_freezing_vapour_temple

Skill      XL: |  1  2  3  4  5  6  7  8  9 10 |
---------------+-------------------------------+-----
Fighting       | 3 4 5 6 8 9 |  9.6
Dodging        | 4 5 6 7 8 9 |  9.9
Evocations     | 2 4 5 |  5.1
Invocations    | 3 6 |  6.3
Long Blades    | |  3.0
Throwing       | |  2.0

Action                   |  1- 3 |  4- 6 |  7- 9 | 10-12 || total
-------------------------+-------+-------+-------+-------++-------
Melee: Long sword        |   111 |   142 |   439 |   282 ||   974
 Fire: Hunting sling     |    14 |       |       |       ||    14
Throw: Dart              |     5 |    10 |    95 |   104 ||   214
       Javelin           |       |       |     4 |       ||     4
       Throwing net      |       |       |     1 |       ||     1
Evoke: Wand              |       |       |     3 |    14 ||    17
  Use: Scroll            |       |       |     8 |       ||     8
       Potion            |       |       |       |     3 ||     3
 Stab: Paralysed         |       |       |     8 |    24 ||    32
  Eat: Chunk             |     3 |     4 |    18 |    12 ||    37
       Ration            |       |       |       |     1 ||     1
Armor: Leather armour    |    35 |       |       |       ||    35
       Scale mail        |    15 |   112 |   161 |   130 ||   418
Dodge: Dodged            |    89 |   178 |   353 |   288 ||   908
Block: Other             |       |       |     2 |    32 ||    34
       Rpst.: Long sword |    27 |    57 |   117 |    91 ||   292

Table legend:
 A = Non-vault XP
 B = Vault XP
 C = Vault XP percentage of total XP
 D = Non-vault monster count
 E = Vault monster count
 F = Vault count percentage of total count
                 A         B        C        D         E       F
            +---------+---------+-------+---------+---------+-------
      Total |    5445 |    2073 |  27.6 |     184 |      48 |  20.7
            +---------+---------+-------+---------+---------+-------
        D:1 |      45 |       5 |  10.0 |      29 |       3 |   9.4
        D:2 |     256 |     250 |  49.4 |      30 |      19 |  38.8
        D:3 |      47 |       0 |   0.0 |      14 |       0 |   0.0
        D:4 |     405 |       0 |   0.0 |      13 |       0 |   0.0
        D:5 |     663 |     341 |  34.0 |      19 |       3 |  13.6
        D:6 |     872 |     187 |  17.7 |      17 |       4 |  19.0
        D:7 |    1001 |     592 |  37.2 |      27 |       7 |  20.6
        D:8 |    1187 |     698 |  37.0 |      17 |      12 |  41.4
        D:9 |     969 |       0 |   0.0 |      18 |       0 |   0.0
            +---------+---------+-------+---------+---------+-------
